 Dungeon Crawl Stone Soup version 0.25-a0-949-gdd2af9e06e (webtiles) character file.

Game seed: 686142647216485512, levelgen mode: deterministic

2853 mortelune the Archer (level 9, -1/82 HPs)
             Began as a Centaur Hunter on May 9, 2020.
             Slain by a wyvern (10 damage)
             ... on level 8 of the Dungeon.
             The game lasted 00:16:39 (9979 turns).

mortelune the Archer (Centaur Hunter)               Turns: 9979, Time: 00:16:40

Health: -1/82      AC:  7    Str: 21    XL:     9   Next: 46%
Magic:  9/9        EV: 10    Int: 10    God:
Gold:   260        SH:  0    Dex: 10    Spells: 8/8 levels left

rFire    . . .     SeeInvis +   b - +0 lajatang
rCold    . . .     Gourm    .   (shield currently unavailable)
rNeg     . . .     Faith    .   c - +0 leather armour
rPois    .         Spirit   .   (no helmet)
rElec    .         Reflect  .   l - +1 cloak
rCorr    .         Harm     .   y - +0 pair of gloves
MR       .....                  (no barding)
Stlth    +.........             (no amulet)
HPRegen  0.23/turn              S - ring of see invisible
MPRegen  0.11/turn              v - +3 ring of strength

@: about to teleport, very quick
A: large, hooves 3, deformed body, speed 2, tough skin 3
a: no special abilities


You were on level 8 of the Dungeon.
You were not hungry.

You visited 2 branches of the dungeon, and saw 9 of its levels.

You collected 318 gold pieces.
You spent 58 gold pieces at shops.

Inventory:

Hand Weapons
 a - a +1 shortbow
 b - a +0 lajatang (weapon)
 x - a +0 short sword
 B - a +0 trident
Missiles
 r - 37 poisoned darts (quivered)
 Q - 61 arrows
Armour
 c - a +0 leather armour (worn)
 l - a +1 cloak (worn)
 m - a cursed +0 robe
 y - a +0 pair of gloves (worn)
Jewellery
 v - a +3 ring of strength (right hand)
 F - an uncursed amulet of magic regeneration {unknown}
 S - a ring of see invisible (left hand)
Wands
 D - a wand of digging (13)
Scrolls
 e - 2 scrolls of magic mapping {unknown}
 i - 2 scrolls of identify
 j - 2 scrolls of blinking {unknown}
 k - a scroll of fog {unknown}
 n - 3 scrolls of remove curse
 q - a scroll of immolation {unknown}
 t - 4 scrolls of teleportation
 u - a scroll of enchant armour
 z - 3 scrolls of enchant weapon {unknown}
 C - a scroll of random uselessness {unknown}
Potions
 d - a potion of curing
 g - a potion of cancellation {unknown}
 h - a potion of resistance {unknown}
 o - a potion of haste
 p - a potion of mutation
 s - a potion of ambrosia
 w - a potion of brilliance {unknown}
 A - a potion of lignification {unknown}
 G - a potion of flight {unknown}
Comestibles
 f - 12 rations
 E - 3 chunks of flesh


   Skills:
 + Level 8.7 Fighting
 - Level 2.2(3.0) Polearms
 + Level 2.8(3.2) Staves
 + Level 11.9 Bows
 - Level 2.1 Dodging
 - Level 1.4 Stealth


You had 8 spell levels left.
You didn't know any spells.
Your spell library contained the following spells:

 Spells                   Type           Power        Failure   Level  Hunger
 Magic Dart               Conj           #...         41%         1    ##.....
 Searing Ray              Conj           #.....       54%         2    ###....
 Dazzling Flash           Conj/Hex       #.....       78%         3    ####...
 Fulminant Prism          Conj/Hex       #.........   99%         4    #####..
 Iskenderun's Mystic Bla  Conj/Tloc      #.......     99%         4    #####..


Dungeon Overview and Level Annotations

Branches:
Dungeon (8/15)             Temple (1/1) D:4
   Lair: D:8-11

Altars:
Ashenzari
Cheibriados
Dithmenos
Elyvilon
Fedhas
Gozag
Hepliaklqana
Kikubaaqudgha
Makhleb
Nemelex Xobeh
Qazlal
Ru
Sif Muna
Trog
Uskayaw
Vehumet
Wu Jian
Xom
Yredelemnul
Zin
Beogh
Lugonu

Shops:
D:7 [

Annotations:
D:5 1 runed translucent door, Error4North's ghost, amateur HOFi
D:6 3 runed translucent doors, Thantalas's ghost, novice MiFi


Innate Abilities, Weirdness & Mutations

You have hooves in place of feet.
Armour fits poorly on your strangely shaped body.
You cover ground very quickly.
You have extremely tough skin. (AC +3)


Message History

The centaur is lightly wounded.
The centaur closely misses you.
The centaur hits you with a +0 short sword.
You hit the centaur.
The centaur is heavily wounded.
The centaur closely misses you.
You hear a slurping noise.
The jelly eats the door!
The centaur hits you with a +0 short sword.
You closely miss the centaur. You kick the centaur!
You kill the centaur!
The jelly hits you but does no damage. The wyvern bites you!
* * * LOW HITPOINT WARNING * * *
You hit the wyvern but do no damage. The wyvern bites you!
* * * LOW HITPOINT WARNING * * *
The jelly hits you but does no damage. The wyvern barely misses you.
The jelly hits you but does no damage.
As you read the scroll of teleportation, it crumbles to dust.
You feel strangely unstable. The wyvern bites you!
You die...

#.....#
#.....#
......#.#
..####.#.#
### .
#.#.###....
###..........
#............
#l##......###
#.@J......#
####......#
#......#
#......#
#.....$#
#......#
#......#
#......#


You could see a wyvern and a jelly.

Vanquished Creatures
  A two-headed ogre (D:7)
  Grinder (D:3)
  An orc warrior (D:6)
  2 ice beasts
  A sky beast (D:4)
  7 ogres
  A centaur (D:8)
  2 bullfrogs (D:6)
  3 scorpions
  A wight (D:7)
  A howler monkey (D:5)
  2 crimson imps
  2 hounds
  A jelly (D:6)
  A bullfrog skeleton (D:4)
  An orc priest (D:3)
  2 orc wizards
  Jessica (D:3)
  3 iguanas
  A worker ant (D:8)
  A hound zombie (D:6)
  A hound skeleton (D:6)
  2 worker ant zombies (D:5)
  4 gnolls
  5 adders
  A shadow imp (D:5)
  An ooze (D:3)
  2 adder skeletons (D:4)
  5 worms
  A dart slug (D:4)
  5 leopard geckos
  9 orcs
  4 ball pythons
  5 giant cockroaches
  6 goblins
  6 hobgoblins
  16 jackals
  7 kobolds
  3 quokkas
  5 bats
  5 frilled lizards
  A giant cockroach zombie (D:5)
  A leopard gecko skeleton (D:5)
  A leopard gecko zombie (D:6)
  A quokka skeleton (D:7)
  6 rats
139 creatures vanquished.

Notes
Turn   | Place    | Note
-------+----------+-------------------------------------------
     0 | D:1      | mortelune the Centaur Hunter began the quest for the Orb.
     0 | D:1      | Reached XP level 1. HP: 17/17 MP: 1/1
   497 | D:1      | Reached XP level 2. HP: 19/24 MP: 2/2
   848 | D:1      | Reached skill level 1 in Stealth
  1243 | D:2      | Found a shimmering altar of Xom.
  1284 | D:2      | Reached XP level 3. HP: 24/30 MP: 3/3
  2601 | D:3      | Noticed Grinder
  2728 | D:3      | Noticed Jessica
  3043 | D:3      | Reached skill level 6 in Bows
  3043 | D:3      | Reached XP level 4. HP: 37/37 MP: 4/4
  3061 | D:3      | Found an ornate altar of the Wu Jian Council.
  3427 | D:4      | Noticed an ogre
  3453 | D:4      | Killed an ogre
  3453 | D:4      | Reached XP level 5. HP: 45/45 MP: 5/5
  3501 | D:3      | Found a sparkling altar of Nemelex Xobeh.
  3883 | D:4      | Found a staircase to the Ecumenical Temple.
  3897 | Temple   | Entered the Ecumenical Temple
  4017 | D:4      | Reached skill level 7 in Bows
  4544 | D:4      | Noticed a sky beast
  4568 | D:4      | Killed a sky beast
  4568 | D:4      | Reached XP level 6. HP: 44/53 MP: 6/6
  4905 | D:5      | Entered Level 5 of the Dungeon
  4923 | D:5      | Reached skill level 5 in Fighting
  4923 | D:5      | Reached skill level 8 in Bows
  4977 | D:5      | Reached XP level 7. HP: 61/61 MP: 7/7
  5260 | D:5      | Found a runed translucent door.
  5730 | D:5      | Noticed Error4North's ghost (amateur HOFi)
  5774 | D:6      | Reached skill level 9 in Bows
  5937 | D:6      | Reached XP level 8. HP: 71/71 MP: 8/8
  6386 | D:6      | Reached skill level 10 in Bows
  6824 | D:6      | Found a burning altar of Makhleb.
  6830 | D:6      | Found a glowing silver altar of Zin.
  6830 | D:6      | Noticed an angel
  6831 | D:6      | Noticed a green death
  7004 | D:6      | Found a stormy altar of Qazlal.
  7178 | D:6      | Found a runed translucent gate.
  7178 | D:6      | Found a runed translucent gate.
  7178 | D:6      | Found a runed translucent gate.
  7180 | D:6      | Identified the +10 whip "Wiupnorgh" {antimagic, rC+ MP+9}
  7181 | D:6      | Noticed Thantalas's ghost (novice MiFi)
  7206 | D:6      | Found a roughly hewn altar of Beogh.
  7591 | D:7      | Found Camot's Armour Shop.
  7594 | D:7      | Bought a +0 pair of gloves for 58 gold pieces
  7824 | D:7      | Found an opulent altar of Gozag.
  7825 | D:7      | Found a white marble altar of Elyvilon.
  7989 | D:7      | Reached skill level 1 in Polearms
  8087 | D:7      | Found a basalt altar of Yredelemnul.
  8110 | D:7      | Reached skill level 11 in Bows
  8322 | D:7      | Found a hazy altar of Hepliaklqana.
  8325 | D:7      | Found a shadowy altar of Dithmenos.
  8557 | D:3      | Found a faded altar of an unknown god.
  8742 | D:3      | Killed Jessica
  8844 | D:3      | Killed Grinder
  9366 | D:7      | Reached XP level 9. HP: 68/81 MP: 9/9
  9503 | D:8      | Found a blossoming altar of Fedhas.
  9503 | D:8      | Noticed a two-headed ogre
  9570 | D:7      | Killed a two-headed ogre
  9979 | D:8      | Slain by a wyvern

Levels and vault maps discovered:
D:1:      sevenhm_arrival_forest_fort_large_2, layout_basic,
          minmay_misc_feat_more_columns
D:2:      minmay_chambers_of_ones, layout_basic, nicolae_overflow_crystal_walls,
          serial_bayou_ford_a
D:3:      layout_loops_corners, lemuel_coloured_pillars_altar, first_ration,
          chequers_ecumenical_altar_simple, nemelex_spade_bored_becter,
          uniq_jessica, uniq_grinder
D:4:      layout_cave_pods, minmay_temple_entry_statues_fountains,
          kennysheep_pointless_box, kennysheep_generic_room_6
D:5:      cheibrodos_helix_gallery, layout_loops_ring, ebering_ghost_sewer_d
D:6:      layout_loops_ring, grunt_temple_overflow_order_and_chaos_2,
          grunt_qazlal_clouds, biasface_ghost_orc_armoury, serial_glass,
          glass_columns_a, glass_columns_a
D:7:      layout_loops_ring, riverfiend_overflow_shadow_ancestor,
          yredelemnul_altar_generic, gammafunk_temple_overflow_statue,
          serial_shops, nicolae_shop_behind_doors
D:8:      layout_basic, kennysheep_mini_moat, okawaru_ov_weapons_minmay,
          fedhas_altar_2
Temple:   kb_corrupted_temple

Skill      XL: |  1  2  3  4  5  6  7  8  9 |
---------------+----------------------------+-----
Stealth        | 1 |  1.4
Dodging        | 2 |  2.1
Bows           | 6 7 8 9 11 | 11.9
Fighting       | 3 4 5 6 7 8 |  8.7
Polearms       | 2 |  2.2
Staves         | 2 |  2.8

Action                   |  1- 3 |  4- 6 |  7- 9 || total
-------------------------+-------+-------+-------++-------
Melee: Short sword       |   123 |    75 |    19 ||   217
       Kick              |    22 |    14 |    28 ||    64
       Trident           |       |       |    85 ||    85
       Lajatang          |       |       |    30 ||    30
 Fire: Shortbow          |    26 |    54 |   216 ||   296
  Use: Scroll            |       |       |     8 ||     8
  Eat: Chunk             |     5 |     5 |    13 ||    23
Armor: Leather armour    |    44 |    55 |    60 ||   159
Dodge: Dodged            |    52 |    35 |    84 ||   171

Table legend:
 A = Non-vault XP
 B = Vault XP
 C = Vault XP percentage of total XP
 D = Non-vault monster count
 E = Vault monster count
 F = Vault count percentage of total count
                 A         B        C        D         E       F
            +---------+---------+-------+---------+---------+-------
      Total |    3590 |     486 |  11.9 |     130 |       9 |   6.5
            +---------+---------+-------+---------+---------+-------
        D:1 |      38 |       0 |   0.0 |      17 |       0 |   0.0
        D:2 |      30 |      13 |  30.2 |      13 |       5 |  27.8
        D:3 |      85 |     309 |  78.4 |      22 |       2 |   8.3
        D:4 |     355 |     124 |  25.9 |      17 |       1 |   5.6
        D:5 |     488 |      40 |   7.6 |      15 |       1 |   6.2
        D:6 |    1032 |       0 |   0.0 |      25 |       0 |   0.0
        D:7 |    1193 |       0 |   0.0 |       9 |       0 |   0.0
        D:8 |     369 |       0 |   0.0 |      12 |       0 |   0.0
            +---------+---------+-------+---------+---------+-------
